| TOP OF THE 1ST |
|
Galveston Sand Crabs batting - Pitching for Port Lavaca Indians : LHP Lester Strode
|
|
Pitching: LHP Lester Strode
|
|
|
Batting: SHB Ricardo Rivera
|
0-0: Ball 1-0: TRIPLE (Flyball, 89XD, EV 105.6 MPH)
|
|
Batting: SHB Darryl Wilks
|
0-0: Ball Wild Pitch! Ricardo Rivera scores 1-0: Ball 2-0: Foul Ball, location: 2F 2-1: Ball 3-1: Base on Balls
|
|
Batting: LHB Van Snider
|
0-0: Called Strike 0-1: Ball 1-1: Ball 2-1: Foul Ball, location: 2F 2-2: Foul Ball, location: 2F 2-2: SINGLE (Line Drive, 6MD, EV 95.0 MPH) Darryl Wilks to second
|
|
Batting: RHB Stephen Turgeon
|
0-0: Called Strike 0-1: Ball 1-1: Ball 2-1: Foul Ball, location: 2F 2-2: Ball 3-2: 3-RUN HOME RUN (Flyball, 7D, EV 91.3 MPH), Distance : 365 ft
|
|
Batting: RHB William Packer
|
0-0: Called Strike 0-1: Ground out 1-3 (Groundball, 15S, EV 65.6 MPH)
|
|
Batting: LHB Dave Montanari
|
0-0: Foul Ball, location: 2F 0-1: Ball 1-1: Foul Ball, location: 2F 1-2: Strikes out swinging
|
|
Batting: RHB Erez Borowsky
|
0-0: Foul Ball, location: 2F 0-1: Foul Ball, location: 2F 0-2: Ball 1-2: Strikes out swinging
|
| Top of the 1st over - 4 runs, 3 hits, 0 errors, 0 left on base; Galveston 4 - Port Lavaca 0 |
| BOTTOM OF THE 1ST |
|
Port Lavaca Indians batting - Pitching for Galveston Sand Crabs : RHP Colin McLaughlin
|
|
Pitching: RHP Colin McLaughlin
|
|
|
Batting: RHB Jeff Schugel
|
0-0: Swinging Strike 0-1: Swinging Strike 0-2: Strikes out swinging
|
|
Batting: LHB Raul Dominguez
|
0-0: Ball 1-0: Foul Ball, location: 2F 1-1: SINGLE (Line Drive, 56D, EV 97.5 MPH)
|
|
Batting: LHB Antonio Huerta
|
0-0: Called Strike 0-1: Ball 1-1: Called Strike 1-2: Strikes out swinging
|
|
Batting: RHB Ramon Sarmiento
|
0-0: Ball 1-0: SINGLE (Groundball, 6S, EV 64.4 MPH) (infield hit) Raul Dominguez to second
|
|
Batting: LHB Wally Joyner
|
0-0: Fly out, F9 (Flyball, 89XD, EV 85.6 MPH)
|
| Bottom of the 1st over - 0 runs, 2 hits, 0 errors, 2 left on base; Galveston 4 - Port Lavaca 0 |
| TOP OF THE 2ND |
|
Galveston Sand Crabs batting - Pitching for Port Lavaca Indians : LHP Lester Strode
|
|
Batting: RHB Wil Muela
|
0-0: Ground out 6-3 (Groundball, 6, EV 83.8 MPH)
|
|
Batting: RHB Jesus Bailon
|
0-0: Foul Ball, location: 2F 0-1: Ball 1-1: Fly out, F7 (Flyball, 7D, EV 85.6 MPH)
|
|
Batting: SHB Ricardo Rivera
|
0-0: Swinging Strike 0-1: Ball 1-1: Ball 2-1: SINGLE (Line Drive, 78S, EV 103.8 MPH)
|
|
Batting: SHB Darryl Wilks
|
0-0: Called Strike 0-1: Ball 1-1: Ball 2-1: Foul Ball, location: 2F 2-2: Foul Ball, location: 2F 2-2: Foul Ball, location: 2F 2-2: Ball 3-2: Foul Ball, location: 2F 3-2: Ground out 5-3 (Groundball, 56S, EV 86.9 MPH)
|
| Top of the 2nd over - 0 runs, 1 hit, 0 errors, 1 left on base; Galveston 4 - Port Lavaca 0 |
| BOTTOM OF THE 2ND |
|
Port Lavaca Indians batting - Pitching for Galveston Sand Crabs : RHP Colin McLaughlin
|
|
Batting: RHB Jeffrey Rhodes
|
0-0: SINGLE (Groundball, 56D, EV 102.5 MPH)
|
|
Batting: RHB DeMarlo Hale
|
0-0: SINGLE (Flyball, 89S, EV 93.1 MPH) Jeffrey Rhodes to second Runner from 2nd tries for 3rd, SAFE, throw by RF made to third
|
|
Batting: RHB Robbie Wine
|
0-0: Ball Wild Pitch! Jeffrey Rhodes scores DeMarlo Hale to second 1-0: Called Strike 1-1: Called Strike 1-2: Ball 2-2: Fly out, F7 (Flyball, 7S, EV 88.8 MPH)
|
|
Batting: RHB Robert Mills
|
0-0: Ball 1-0: Called Strike 1-1: Ground out 5-3 (Groundball, 56, EV 97.5 MPH)
|
|
Batting: RHB Jeff Schugel
|
0-0: Ball 1-0: Ground out 5-3 (Groundball, 56, EV 77.5 MPH)
|
| Bottom of the 2nd over - 1 run, 2 hits, 0 errors, 1 left on base; Galveston 4 - Port Lavaca 1 |
| TOP OF THE 3RD |
|
Galveston Sand Crabs batting - Pitching for Port Lavaca Indians : LHP Lester Strode
|
|
Batting: LHB Van Snider
|
0-0: Ball 1-0: Called Strike 1-1: Foul Ball, location: 2F 1-2: Foul Ball, location: 2F 1-2: Strikes out swinging
|
|
Batting: RHB Stephen Turgeon
|
0-0: Ball 1-0: Called Strike 1-1: Ground out 4-3 (Groundball, 4, EV 98.1 MPH)
|
|
Batting: RHB William Packer
|
0-0: Ball 1-0: Called Strike 1-1: Fly out, F9 (Line Drive, 9D, EV 90.0 MPH)
|
| Top of the 3rd over - 0 runs, 0 hits, 0 errors, 0 left on base; Galveston 4 - Port Lavaca 1 |
| BOTTOM OF THE 3RD |
|
Port Lavaca Indians batting - Pitching for Galveston Sand Crabs : RHP Colin McLaughlin
|
|
Batting: LHB Raul Dominguez
|
0-0: Called Strike 0-1: Fly out, F9 (Flyball, 89M, EV 87.5 MPH)
|
|
Batting: LHB Antonio Huerta
|
0-0: Called Strike 0-1: Ball 1-1: Ball 2-1: Foul Ball, location: 2F 2-2: Strikes out swinging
|
|
Batting: RHB Ramon Sarmiento
|
0-0: Ground out 6-3 (Groundball, 6M, EV 102.5 MPH)
|
| Bottom of the 3rd over - 0 runs, 0 hits, 0 errors, 0 left on base; Galveston 4 - Port Lavaca 1 |
| TOP OF THE 4TH |
|
Galveston Sand Crabs batting - Pitching for Port Lavaca Indians : LHP Lester Strode
|
|
Batting: LHB Dave Montanari
|
0-0: Ball 1-0: Ball 2-0: Called Strike 2-1: Ball 3-1: Base on Balls
|
|
Batting: RHB Erez Borowsky
|
0-0: SINGLE (Groundball, 56D, EV 96.9 MPH) Dave Montanari to second
|
|
Batting: RHB Wil Muela
|
0-0: Swinging Strike 0-1: Ball 1-1: Called Strike 1-2: Foul Ball, location: 2F 1-2: Ball 2-2: Fielders Choice at 2nd, 6-4 (Groundball, 6, EV 88.1 MPH) Dave Montanari to third
|
|
Batting: RHB Jesus Bailon
|
0-0: Ball 1-0: Ball 2-0: Fly out, F8 (Flyball, 8LD, EV 106.3 MPH) Runner from 3rd tags up, SCORES, throw by CF
|
|
Batting: SHB Ricardo Rivera
|
0-0: Called Strike 0-1: Called Strike 0-2: Foul Ball, location: 2F 0-2: Foul Ball, location: 2F 0-2: Ball 1-2: Ball 2-2: SINGLE (Flyball, 4D, EV 88.8 MPH) Wil Muela to second Runner from 2nd tries for 3rd, SAFE, throw by CF made to third
|
|
Batting: SHB Darryl Wilks
|
0-0: Swinging Strike 0-1: Ball 1-1: Ball 2-1: Fly out, F8 (Flyball, 8RM, EV 83.1 MPH)
|
| Top of the 4th over - 1 run, 2 hits, 0 errors, 2 left on base; Galveston 5 - Port Lavaca 1 |
| BOTTOM OF THE 4TH |
|
Port Lavaca Indians batting - Pitching for Galveston Sand Crabs : RHP Colin McLaughlin
|
|
Batting: LHB Wally Joyner
|
0-0: Ball 1-0: Ball 2-0: Ball 3-0: Called Strike 3-1: Foul Ball, location: 2F 3-2: Fly out, F9 (Flyball, 9S, EV 75.6 MPH)
|
|
Batting: RHB Jeffrey Rhodes
|
0-0: Ground out 5-3 (Groundball, 5, EV 83.8 MPH)
|
|
Batting: RHB DeMarlo Hale
|
0-0: Called Strike 0-1: Foul Ball, location: 2F 0-2: Ball 1-2: Foul Ball, location: 2F 1-2: Foul Ball, location: 2F 1-2: Ball 2-2: Fly out, F4 (Popup, 4MS, EV 83.1 MPH)
|
| Bottom of the 4th over - 0 runs, 0 hits, 0 errors, 0 left on base; Galveston 5 - Port Lavaca 1 |
| TOP OF THE 5TH |
|
Galveston Sand Crabs batting - Pitching for Port Lavaca Indians : LHP Lester Strode
|
|
Batting: LHB Van Snider
|
0-0: Ball 1-0: Ground out 4-3 (Groundball, 4D, EV 86.3 MPH)
|
|
Batting: RHB Stephen Turgeon
|
0-0: Called Strike 0-1: Called Strike 0-2: Ball 1-2: Strikes out swinging
|
|
Batting: RHB William Packer
|
0-0: Called Strike 0-1: Ball 1-1: SINGLE (Groundball, 3D, EV 94.4 MPH)
|
|
Batting: LHB Dave Montanari
|
0-0: Ball 1-0: Ball 2-0: Foul Ball, location: 2F 2-1: Ball 3-1: Foul Ball, location: 2F 3-2: Base on Balls William Packer to second
|
|
Batting: RHB Erez Borowsky
|
0-0: Called Strike 0-1: Reached on error, E3 (Groundball, 34, EV 82.5 MPH) William Packer to third Dave Montanari to second
|
|
Batting: RHB Wil Muela
|
0-0: Foul Ball, location: 2F 0-1: Ball 1-1: Swinging Strike 1-2: Ball 2-2: Strikes out swinging
|
| Top of the 5th over - 0 runs, 1 hit, 1 error, 3 left on base; Galveston 5 - Port Lavaca 1 |
| BOTTOM OF THE 5TH |
|
Port Lavaca Indians batting - Pitching for Galveston Sand Crabs : RHP Colin McLaughlin
|
|
Batting: RHB Robbie Wine
|
0-0: Called Strike 0-1: Ball 1-1: Called Strike 1-2: Strikes out swinging
|
|
Batting: RHB Robert Mills
|
0-0: Swinging Strike 0-1: Ball 1-1: Ball 2-1: Fly out, F8 (Line Drive, 8RD, EV 96.9 MPH)
|
|
Batting: RHB Jeff Schugel
|
0-0: Ground out U3 (Groundball, 34S, EV 81.9 MPH)
|
| Bottom of the 5th over - 0 runs, 0 hits, 0 errors, 0 left on base; Galveston 5 - Port Lavaca 1 |
| TOP OF THE 6TH |
|
Galveston Sand Crabs batting - Pitching for Port Lavaca Indians : LHP Lester Strode
|
|
Batting: RHB Jesus Bailon
|
0-0: Ground out 6-3 (Groundball, 6, EV 87.5 MPH)
|
|
Batting: SHB Ricardo Rivera
|
0-0: Foul Ball, location: 2F 0-1: Swinging Strike 0-2: Strikes out swinging
|
|
Batting: SHB Darryl Wilks
|
0-0: Ball 1-0: Called Strike 1-1: Foul Ball, location: 2F 1-2: Ball 2-2: Strikes out swinging
|
| Top of the 6th over - 0 runs, 0 hits, 0 errors, 0 left on base; Galveston 5 - Port Lavaca 1 |
| BOTTOM OF THE 6TH |
|
Port Lavaca Indians batting - Pitching for Galveston Sand Crabs : RHP Colin McLaughlin
|
|
Batting: LHB Raul Dominguez
|
0-0: Foul Ball, location: 2F 0-1: Ball 1-1: SINGLE (Groundball, 56D, EV 97.5 MPH)
|
|
Batting: LHB Antonio Huerta
|
0-0: Ball 1-0: Ball 2-0: Called Strike 2-1: Foul Ball, location: 2F 2-2: Strikes out swinging
|
|
Batting: RHB Ramon Sarmiento
|
0-0: Ball 1-0: Called Strike 1-1: Ball 2-1: 2-RUN HOME RUN (Flyball, 7LD, EV 100.0 MPH), Distance : 348 ft
|
|
Batting: LHB Wally Joyner
|
0-0: Foul Ball, location: 2F 0-1: Ball 1-1: Fly out, F8 (Flyball, 78D, EV 100.0 MPH)
|
|
Batting: RHB Jeffrey Rhodes
|
0-0: Ball 1-0: Foul Ball, location: 2F 1-1: Reached on error, E5 (Groundball, 56, EV 88.8 MPH)
|
|
Batting: RHB DeMarlo Hale
|
0-0: Ball 1-0: Called Strike 1-1: Ground out 4-3 (Groundball, 4, EV 99.4 MPH)
|
| Bottom of the 6th over - 2 runs, 2 hits, 1 error, 1 left on base; Galveston 5 - Port Lavaca 3 |
| TOP OF THE 7TH |
|
Galveston Sand Crabs batting - Pitching for Port Lavaca Indians : LHP Lester Strode
|
|
Pitching: RHP Steven Yenser
|
|
|
Batting: LHB Van Snider
|
0-0: Foul Ball, location: 2F 0-1: Foul Ball, location: 2F 0-2: Foul Ball, location: 2F 0-2: Ball 1-2: Fly out, F7 (Flyball, 7D, EV 95.6 MPH)
|
|
Batting: RHB Stephen Turgeon
|
0-0: Swinging Strike 0-1: Swinging Strike 0-2: Ball 1-2: Ball 2-2: Strikes out swinging
|
|
Batting: RHB William Packer
|
0-0: Foul Ball, location: 2F 0-1: Ball 1-1: Ball 2-1: Swinging Strike 2-2: Foul Ball, location: 2F 2-2: Foul Ball, location: 2F 2-2: Fly out, F8 (Flyball, 89M, EV 83.1 MPH)
|
| Top of the 7th over - 0 runs, 0 hits, 0 errors, 0 left on base; Galveston 5 - Port Lavaca 3 |
| BOTTOM OF THE 7TH |
|
Port Lavaca Indians batting - Pitching for Galveston Sand Crabs : RHP Colin McLaughlin
|
|
Batting: RHB Robbie Wine
|
0-0: Foul Ball, location: 2F 0-1: Swinging Strike 0-2: Strikes out swinging
|
|
Batting: RHB Robert Mills
|
0-0: Swinging Strike 0-1: Ball 1-1: Ball 2-1: Called Strike 2-2: Foul Ball, location: 2F 2-2: Foul Ball, location: 2F 2-2: Strikes out swinging
|
|
Batting: RHB Jeff Schugel
|
0-0: Called Strike 0-1: Called Strike 0-2: Ball 1-2: Ball 2-2: SINGLE (Groundball, 6MD, EV 98.8 MPH)
|
|
Batting: LHB Raul Dominguez
|
0-0: Ball Jeff Schugel steals 2nd base 1-0: Ball 2-0: Fly out, F6 (Line Drive, 6, EV 71.3 MPH)
|
| Bottom of the 7th over - 0 runs, 1 hit, 0 errors, 1 left on base; Galveston 5 - Port Lavaca 3 |
| TOP OF THE 8TH |
|
Galveston Sand Crabs batting - Pitching for Port Lavaca Indians : RHP Steven Yenser
|
|
Batting: LHB Dave Montanari
|
0-0: Swinging Strike 0-1: Fly out, F8 (Flyball, 8LS, EV 93.8 MPH)
|
|
Batting: RHB Erez Borowsky
|
0-0: Ball 1-0: Fly out, F6 (Line Drive, 6, EV 66.3 MPH)
|
|
Batting: RHB Wil Muela
|
0-0: Swinging Strike 0-1: Fly out, F9 (Flyball, 9S, EV 95.6 MPH)
|
| Top of the 8th over - 0 runs, 0 hits, 0 errors, 0 left on base; Galveston 5 - Port Lavaca 3 |
| BOTTOM OF THE 8TH |
|
Port Lavaca Indians batting - Pitching for Galveston Sand Crabs : RHP Colin McLaughlin
|
|
Batting: LHB Antonio Huerta
|
0-0: SOLO HOME RUN (Flyball, 89XD, EV 96.3 MPH), Distance : 437 ft
|
|
Batting: RHB Ramon Sarmiento
|
0-0: Ball 1-0: Foul Ball, location: 2F 1-1: Ball 2-1: Ball 3-1: Base on Balls
|
|
Batting: LHB Wally Joyner
|
0-0: Swinging Strike 0-1: Ball 1-1: Ball 2-1: Ball 3-1: Base on Balls Ramon Sarmiento to second
|
|
Pinch Hitting: LHB Scott Loseke
|
0-0: Ball 1-0: Ball 2-0: Fly out, F7 (Flyball, 7, EV 78.1 MPH)
|
|
Batting: RHB DeMarlo Hale
|
0-0: Foul Ball, location: 2F 0-1: Ball 1-1: Foul Ball, location: 2F 1-2: Ball 2-2: Reached on error, E5 (Groundball, 56S, EV 88.1 MPH) Ramon Sarmiento to third Wally Joyner to second
|
|
Pinch Hitting: SHB John Rigos
|
0-0: Called Strike 0-1: Ball 1-1: Called Strike 1-2: Foul Ball, location: 2F 1-2: Strikes out swinging
|
|
Batting: RHB Robert Mills
|
0-0: Fly out, F8 (Line Drive, 8RM, EV 90.6 MPH)
|
| Bottom of the 8th over - 1 run, 1 hit, 1 error, 3 left on base; Galveston 5 - Port Lavaca 4 |
| TOP OF THE 9TH |
|
Galveston Sand Crabs batting - Pitching for Port Lavaca Indians : RHP Steven Yenser
|
|
Pitching: RHP David Lesch
|
|
|
Now at C: Thomas Baumgartner
|
|
|
Now in CF: John Rigos
|
|
|
Batting: RHB Jesus Bailon
|
0-0: Ball 1-0: Swinging Strike 1-1: Foul Ball, location: 2F 1-2: DOUBLE (Flyball, 8RXD, EV 100.6 MPH)
|
|
Batting: SHB Ricardo Rivera
|
0-0: Called Strike 0-1: Swinging Strike 0-2: Strikes out looking
|
|
Batting: SHB Darryl Wilks
|
0-0: Ball 1-0: Called Strike Jesus Bailon steals 3rd base 1-1: Ball 2-1: SINGLE (Groundball, 56, EV 88.1 MPH) (infield hit) Jesus Bailon scores
|
|
Batting: LHB Van Snider
|
0-0: Ball 1-0: 2-RUN HOME RUN (Flyball, 89XD, EV 101.3 MPH), Distance : 421 ft
|
|
Batting: RHB Stephen Turgeon
|
0-0: Ball 1-0: Ball 2-0: Called Strike 2-1: Ball 3-1: Base on Balls
|
|
Batting: RHB William Packer
|
0-0: Called Strike 0-1: Ball 1-1: Ball 2-1: Called Strike 2-2: Ball 3-2: Base on Balls Stephen Turgeon to second
|
|
Batting: LHB Dave Montanari
|
0-0: Ball 1-0: Foul Ball, location: 2F 1-1: Ball Stephen Turgeon is caught stealing 3rd base 2-5 William Packer to second 2-1: Intentional Walk
|
|
Batting: RHB Erez Borowsky
|
0-0: Ball 1-0: Foul Ball, location: 2F 1-1: Swinging Strike 1-2: SINGLE (Groundball, 6MD, EV 101.9 MPH) William Packer to third Dave Montanari to second Runner from 3rd tries for Home, SAFE, throw by CF to home
|
|
Pitching: RHP Mark Leonette
|
|
|
Batting: RHB Wil Muela
|
0-0: Ball 1-0: SINGLE (Groundball, 56D, EV 100.6 MPH) Dave Montanari to third Erez Borowsky to second Runner from 3rd tries for Home, SAFE, throw by LF to home
|
|
Batting: RHB Jesus Bailon
|
0-0: Fly out, F8 (Flyball, 89M, EV 93.8 MPH)
|
| Top of the 9th over - 5 runs, 5 hits, 0 errors, 2 left on base; Galveston 10 - Port Lavaca 4 |
| BOTTOM OF THE 9TH |
|
Port Lavaca Indians batting - Pitching for Galveston Sand Crabs : RHP Colin McLaughlin
|
|
Batting: RHB Jeff Schugel
|
0-0: Ball 1-0: Called Strike 1-1: Called Strike 1-2: Ball 2-2: Ball 3-2: Base on Balls
|
|
Batting: LHB Raul Dominguez
|
0-0: Called Strike 0-1: Ball 1-1: Ball 2-1: Ball 3-1: Called Strike 3-2: Fly out, F9 (Flyball, 9LS, EV 83.8 MPH)
|
|
Batting: LHB Antonio Huerta
|
0-0: Hit by Pitch Jeff Schugel to second
|
|
Pitching: LHP Daniel Nay
|
|
|
Batting: RHB Ramon Sarmiento
|
0-0: Ball 1-0: Ball 2-0: Ball 3-0: Called Strike 3-1: Base on Balls Jeff Schugel to third Antonio Huerta to second
|
|
Batting: LHB Wally Joyner
|
0-0: Called Strike 0-1: Ground out 5-3 (Groundball, 56S, EV 68.8 MPH) Jeff Schugel scores Antonio Huerta to third Ramon Sarmiento to second
|
|
Batting: RHB Thomas Baumgartner
|
0-0: Ball 1-0: Ground out U3 (Groundball, 34D, EV 86.3 MPH)
|
| Bottom of the 9th over - 1 run, 0 hits, 0 errors, 2 left on base; Galveston 10 - Port Lavaca 5 |
|